 Dungeon Crawl Stone Soup version 0.30-b1-2-g02819fbbbe (webtiles) character file.

Game seed: 17067273526563692880

240 Arum the Trooper (level 6, -7/50 HPs)
             Began as a Formicid Fighter on May 11, 2023.
             Was an Initiate of Cheibriados.
             Mangled by a sleepcap (12 damage)
             ... on level 4 of the Dungeon.
             The game lasted 00:03:24 (3097 turns).

Arum the Trooper (Formicid Fighter)                 Turns: 3097, Time: 00:03:25

Health: -7/50      AC:  8    Str: 24    XL:     6   Next: 30%
Magic:  6/6        EV:  2    Int:  8    God:    Cheibriados [......]
Gold:   158        SH:  0    Dex: 14    Spells: 5/5 levels left

rFire   . . .        a - +0 quarterstaff
rCold   + . .        c - +0 buckler
rNeg    . . .        b - +0 scale mail
rPois   .            (helmet unavailable)
rElec   .            (no cloak)
rCorr   .            (no gloves)
SInv    +            n - +0 pair of boots
Will    .....        (no amulet) Stlth
                     r - ring of protection from cold
HPRegen 0.28/turn    (no ring)
MPRegen 0.10/turn

%: no passive effects
@: mighty, sleeping, very slow
A: permanent stasis, dig shafts and tunnels, antennae 3, four strong arms
a: Dig, Shaft Self, Renounce Religion


You were on level 4 of the Dungeon.
You worshipped Cheibriados.
Cheibriados was noncommittal.
You visited 1 branch of the dungeon, and saw 4 of its levels.

You collected 158 gold pieces.

Inventory:

Hand Weapons
 a - a +0 quarterstaff (weapon)
Missiles
 k - a throwing net
Armour
 b - a +0 scale mail (worn)
 c - a +0 buckler (worn)
 n - a +0 pair of boots (worn)
Jewellery
 l - a ring of fire
 r - a ring of protection from cold (left hand)
 s - a ring of resist corrosion
Scrolls
 e - 5 scrolls of identify {unknown}
 i - 2 scrolls of immolation {unknown}
 j - a scroll of enchant weapon {unknown}
 m - 2 scrolls of teleportation {unknown}
 o - a scroll of poison {unknown}
 q - a scroll of noise {unknown}
 v - a scroll of acquirement {unknown}
Potions
 d - a potion of might
 f - a potion of curing {unknown}
 g - 2 potions of mutation {unknown}
 h - a potion of lignification {unknown}
 p - a potion of heal wounds {unknown}
 t - a potion of resistance {unknown}
 u - a potion of attraction {unknown}


   Skills:
 + Level 4.9 Fighting
 + Level 3.8 Staves
 + Level 4.9 Armour
 - Level 4.0 Shields


You had 5 spell levels left.
You didn't know any spells.
Your spell library contained the following spells:

 Spells                   Type           Power      Damage    Failure   Level
 Cigotuvi's Dreadful Rot  Necr/Pois/Air  0%         N/A       88%         2
 Lesser Beckoning         Tloc           0%         N/A       88%         2
 Gell's Gravitas          Tloc           0%         N/A       98%         3
 Teleport Other           Tloc           0%         N/A       98%         3
 Dispel Undead            Necr           0%         3d6       100%        4
 Death Channel            Necr           0%         N/A       100%        6
 Dispersal                Tloc           0%         N/A       100%        6


Dungeon Overview and Level Annotations

Branches:
Dungeon (4/15)
 Temple: D:4-7

Altars:
Cheibriados
Gozag
Wu Jian
Yredelemnul

Annotations:
D:3 2 transporters, discopopstar's ghost, amateur HuCj


Innate Abilities, Weirdness & Mutations

You cannot be hasted, slowed, berserked, paralysed or teleported.
You can dig through walls and to a lower floor.
You have a pair of large antennae on your head. (SInv)
Your four strong arms can wield two-handed weapons with a shield.


Message History

Your attacks no longer feel as feeble.
The dart slug launches a dart at you. The slug dart misses you.
You barely miss the gnoll bouda.
The gnoll bouda hits you with a +0 whip.
You barely miss the gnoll bouda.
The gnoll bouda hits you with a +0 whip!
You barely miss the gnoll bouda.
You hear the rusting of a drain nearby.
The gnoll bouda closely misses you.
The gnoll bouda gazes fiercely through you!
You feel your attacks grow feeble.
The gnoll bouda hits you with a +0 whip!
* * * LOW HITPOINT WARNING * * *
You hit the gnoll bouda but do no damage.
The gnoll bouda hits you but does no damage.
You feel very mighty all of a sudden. The gnoll bouda barely misses you.
You barely miss the gnoll bouda.
Your attacks no longer feel as feeble.
The gnoll bouda hits you with a +0 whip.
* * * LOW HITPOINT WARNING * * *
You sock the gnoll bouda!
The gnoll bouda is severely wounded.
The gnoll bouda mumbles some strange prayers to its god.
The gnoll bouda is healed somewhat.
You bludgeon the gnoll bouda!!
You kill the gnoll bouda!
Cheibriados appreciates the change of pace.
You hit the sleepcap.
The sleepcap is lightly damaged.
The sleepcap releases spores at you but does no damage.
You sock the sleepcap!
The sleepcap is heavily damaged.
The sleepcap releases spores at you.
* * * LOW HITPOINT WARNING * * *
You are engulfed in a cloud of soporific spores!
You fall asleep.
The sleepcap releases spores at you!
You die...

#........†..#
#........##...........#
#........
#......#........
#.......#
#......#.....>!.
#.......#
#......##.......
#.......# #......#
....... #.......#
#......# .......
#.......###......#
#......
.##......{#@.......#
.....
..........wf........#
...........#........#
.#...#...#.#....#####
#.....###..#....#
#...#. #.......# +.. ..
#..#....# .#####
.#.#....# { ...#....#


You could see a sleepcap and a dart slug.

Vanquished Creatures
  A hound (D:4)
  A gnoll bouda (D:4)
  An orc priest (D:4)
  2 iguanas
  3 adders
  A dart slug (D:3)
  6 orcs
  7 ball pythons
  8 endoplasms
  4 giant cockroaches
  12 goblins
  4 hobgoblins
  2 quokkas
  2 frilled lizards
  10 kobolds
  A rat (D:3)
65 creatures vanquished.

Notes
Turn   | Place    | Note
-------+----------+-------------------------------------------
     0 | D:1      | Arum the Formicid Fighter began the quest for the Orb.
     0 | D:1      | Reached XP level 1. HP: 18/18 MP: 1/1
   226 | D:1      | Reached XP level 2. HP: 24/24 MP: 2/2
   338 | D:1      | HP: 1/24 [goblin/+1 dagger of distortion (23)]
   344 | D:1      | HP: 1/24 [kobold/stone (1)]
   486 | D:1      | Found a faded altar of an unknown god.
   725 | D:1      | Reached XP level 3. HP: 28/30 MP: 3/3
  1574 | D:2      | Reached XP level 4. HP: 37/37 MP: 4/4
  2280 | D:3      | Found a transporter.
  2282 | D:3      | Found a transporter.
  2282 | D:3      | Noticed discopopstar's ghost (amateur HuCj)
  2470 | D:3      | Reached XP level 5. HP: 30/43 MP: 5/5
  2876 | D:4      | Found a snail-covered altar of Cheibriados.
  2885 | D:4      | Became a worshipper of Cheibriados the Contemplative
  2920 | D:4      | Found an ornate altar of the Wu Jian Council.
  2975 | D:4      | Found a basalt altar of Yredelemnul.
  3024 | D:4      | Found an opulent altar of Gozag.
  3064 | D:4      | Reached XP level 6. HP: 22/50 MP: 6/6
  3097 | D:4      | Mangled by a sleepcap

Illustrated notes

Levels and vault maps discovered:
D:1:      scummos_arrival_checkerplants, layout_basic,
          hellmonk_ecumenical_altar_prayer_group, item_on_display_a
D:2:      layout_loops_corners
D:3:      layout_loops_ring, gammafunk_ghost_arena
D:4:      layout_basic, amcnicky_altar_gilded, old_standard_altar,
          nicolae_gozag_cash_rules_everything_around_me,
          nicolae_wu_jian_immortal_techniques, gup_sewer_entry_spiral,
          minmay_fractal_squares_diagonal_5

Skill      XL: |  1  2  3  4 |
---------------+-------------+-----
Armour         | 4 |  4.9
Fighting       | 4 |  4.9
Staves         | 3 |  3.8
Shields        | |  4.0

Action                     |  1- 3 |  4- 6 || total
---------------------------+-------+-------++-------
  Melee: Quarterstaff      |    86 |   101 ||   187
Ability: Dig               |     1 |     1 ||     2
    Use: Potion            |       |     1 ||     1
 Armour: Scale mail        |    35 |    38 ||    73
  Dodge: Dodged            |    20 |    36 ||    56
  Block: Buckler           |    31 |    19 ||    50
